 Dungeon Crawl Stone Soup version 0.20-a0-629-gc37eb77 (webtiles) character file.

32 polly the Shield-Bearer (level 3, -3/34 HPs)
             Began as a Gargoyle Fighter on Feb 11, 2017.
             Slain by a gnoll
             ... wielding a +0 flail
              (5 damage)
             ... on level 1 of the Dungeon.
             The game lasted 00:02:16 (878 turns).

polly the Shield-Bearer (Gargoyle Fighter)           Turns: 878, Time: 00:02:16

Health: -3/34      AC: 21    Str: 20    XL:     3   Next: 25%
Magic:  3/3        EV:  2    Int:  8    God:
Gold:   68         SH:  9    Dex:  9    Spells: 2/2 levels left

rFire    . . .     SeeInvis .   a - +0 flail
rCold    . . .     Gourm    .   (armour currently unavailable)
rNeg     + + +     Faith    .   c - +0 shield
rPois    ∞         Spirit   .   (helmet currently unavailable)
rElec    .         Reflect  .   (cloak currently unavailable)
rCorr    .         Harm     .   (gloves currently unavailable)
MR       .....     NoTele   +   (boots currently unavailable)
Stlth    +.........             (no amulet)
Regen    0.2/turn               (no ring)
                                (no ring)

@: tree-form
A: (talons 0), deterioration 1, negative energy resistance 1, (electricity
resistance), (unbreathing), petrification resistance, rot immunity, AC +3
a: no special abilities


You were on level 1 of the Dungeon.
You were not hungry.
You were a tree.
You visited 1 branch of the dungeon, and saw 2 of its levels.

You collected 68 gold pieces.

Inventory:

Hand Weapons
 a - a +0 flail (weapon)
Armour
 b - a +0 scale mail (melded)
 c - a +0 shield (worn)
Jewellery
 g - a +3 ring of slaying {unknown}
 i - an uncursed ring of protection from fire {unknown}
Scrolls
 e - 2 scrolls of identify {unknown}
 h - 2 scrolls of random uselessness {unknown}
 m - 2 scrolls of enchant armour {unknown}
 n - 2 scrolls of noise {unknown}
 o - a scroll of magic mapping {unknown}
Potions
 d - a potion of might
 k - a potion of lignification
Comestibles
 f - 4 bread rations
 j - a royal jelly


   Skills:
 + Level 3.5 Fighting
 + Level 2.4 Maces & Flails
 + Level 3.7 Armour
 + Level 0.2 Dodging
 + Level 3.7 Shields


You had 2 spell levels left.
You didn't know any spells.

Dungeon Overview and Level Annotations

Branches:
Dungeon (2/15)

Altars:


Innate Abilities, Weirdness & Mutations

You are resistant to torment.
((Your stone body is resilient. (AC +3)))
You are immune to poison.
You resist negative energy. (rN+)
((You are resistant to electric shocks. (rElec)))
((You can survive without breathing.))
You are immune to petrification.
You are immune to rotting.
((You have sharp toenails.))
Your body sometimes deteriorates upon taking damage.


Message History

Your roots penetrate the ground.
The gnoll hits you but does no damage.
It was a potion of mutation.
You feel extremely strange.
You feel yourself wasting away.
Your toenails lengthen and sharpen.
Your vision blurs.
Your vision sharpens.
You closely miss the gnoll.
The gnoll is moderately wounded.
The gnoll hits you but does no damage. x2
You completely miss the gnoll.
The gnoll is moderately wounded.
The gnoll hits you but does no damage.
You closely miss the gnoll.
The gnoll is moderately wounded.
The gnoll hits you but does no damage.
You closely miss the gnoll.
The gnoll is moderately wounded.
You block the gnoll's attack.
You closely miss the gnoll.
The gnoll is moderately wounded.
The gnoll hits you with a flail.
You die...

#....#.# #..##....######.....#..
#....#.## ##.....#####......###..
#....#..# ###..........#...# #..
#.......######..##..........###..
######......##......####......#..
................##..# #.........
..........##.....##.####..(...#..
..........#....g..............#..
#......##.#.###.♣##.#.........##.
#.....................##>........
.......##..####...#..###........#
#####.###..)...........#.##.....#
#####.###..#.####.##.........##.#
.............###..........#..#..#
###≈≈.≈..≈.≈.....P...............
≈≈≈≈≈≈≈P≈≈≈..≈.≈PP≈P≈≈.≈..≈......
≈≈≈≈≈≈≈≈≈≈≈≈≈≈≈≈≈≈≈≈P≈≈≈≈PP≈.....


You could see a gnoll.

Vanquished Creatures
  A gnoll (D:2)
  A worm (D:2)
  A dart slug (D:2)
  A leopard gecko (D:1)
  A bat (D:2)
  A giant cockroach (D:1)
  2 goblins (D:1)
  A hobgoblin (D:1)
  4 kobolds
  A frilled lizard (D:2)
  3 rats (D:1)
17 creatures vanquished.

Notes
Turn   | Place    | Note
-------+----------+-------------------------------------------
     0 | D:1      | polly the Gargoyle Fighter began the quest for the Orb.
     0 | D:1      | Reached XP level 1. HP: 14/14 MP: 1/1
   282 | D:1      | Reached XP level 2. HP: 19/19 MP: 2/2
   850 | D:2      | Reached XP level 3. HP: 19/23 MP: 3/3
   870 | D:2      | HP: 1/23 [gnoll/halberd (2)]
   873 | D:1      | Gained mutation: Your body sometimes deteriorates upon taking damage. [potion of mutation]
   873 | D:1      | Gained mutation: You have sharp toenails. [potion of mutation]
   873 | D:1      | Gained mutation: Scrolls take you a little longer to read. [potion of mutation]
   873 | D:1      | Lost mutation: Scrolls take you a little longer to read. [potion of mutation]
   878 | D:1      | Slain by a gnoll

Vault maps used:
D:1:      lemuel_arrival_river_ford, chequers_big_river, due_unseen_surprise
D:2:      regret_index_temple_of_mockery, serial_forest,
          infiniplex_forest_lined_room_, infiniplex_forest_straight_5,
          infiniplex_forest_pool, infiniplex_forest_clump_small,
          infiniplex_forest_clump_double, infiniplex_forest_lined_3

Action                   || total
-------------------------++-------
Melee: Flail             ||    72
  Use: Potion            ||     2
Armor: Scale mail        ||    20
       Skin              ||     5
Dodge: Dodged            ||    15
Block: Shield            ||    29
